 Dungeon Crawl Stone Soup version 0.20-a0-268-gb6bde61 (webtiles) character file.

9 Demogavin the Ducker (level 2, -2/22 HPs)
             Began as a Demonspawn Gladiator on Dec 6, 2016.
             Slain by a hobgoblin
             ... wielding a +0 club
             ... led by Robin
              (4 damage)
             ... on level 3 of the Dungeon.
             The game lasted 00:01:04 (206 turns).

Demogavin the Ducker (Demonspawn Gladiator)          Turns: 206, Time: 00:01:06

Health: -2/22      AC:  4    Str: 15    XL:     2   Next: 3%
Magic:  2/2        EV: 13    Int: 14    God:
Gold:   0          SH:  0    Dex: 13    Spells: 1/1 levels left

rFire  . . .     SeeInvis .       - Unarmed
rCold  . . .     Gourm    .     a - +0 leather armour
rNeg   . . .     Faith    .     (no shield)
rPois  .         Spirit   .     b - +0 helmet
rElec  .         Reflect  .     (no cloak)
rCorr  .         Harm     .     (no gloves)
MR     .....                    (no boots)
Stlth  +.........               (no amulet)
                                (no ring)
                                (no ring)

@: brilliant
A: powered by death 1
a: no special abilities


You were on level 3 of the Dungeon.
You were not hungry.

You visited 1 branch of the dungeon, and saw 3 of its levels.

Inventory:

Missiles
 c - 3 throwing nets (quivered)
Armour
 a - a +0 leather armour (worn)
 b - a +0 helmet (worn)
Scrolls
 e - a scroll of recharging
Potions
 f - 2 potions of brilliance
Comestibles
 d - a bread ration


   Skills:
 + Level 2.1 Fighting
 - Level 1.7 Throwing
 + Level 3.0 Dodging
 * Level 2.9 Unarmed Combat


You had one spell level left.
You didn't know any spells.

Dungeon Overview and Level Annotations

Branches:
Dungeon (3/15)

Altars:

Annotations:
D:3 Robin


Innate Abilities, Weirdness & Mutations

You regenerate a little health from kills.


Message History

The goblin closely misses you. The goblin barely misses you.
The goblin closely misses you. The hobgoblin closely misses you.
Robin throws the goblin at you!
You hit the hobgoblin.
The hobgoblin is moderately wounded.
The goblin barely misses you. The hobgoblin barely misses you.
The goblin barely misses you. The goblin misses you.
The goblin hits you but does no damage.
You barely miss the hobgoblin.
The hobgoblin is moderately wounded.
Robin throws the goblin at you! The hobgoblin closely misses you.
The goblin barely misses you. The hobgoblin completely misses you.
The goblin misses you. x2; The goblin hits you.
You hit the hobgoblin.
You punch the hobgoblin, but do no damage.
The hobgoblin is heavily wounded.
The goblin hits you with a dagger. The goblin hits you with a dagger!
* * * LOW HITPOINT WARNING * * *
The hobgoblin hits you with a club.
You die...

#.......# #(......
###.###.####....... .
#.##<............ ..
####.##.####........ ...
#..#....# #........ ....
#..#..######$....... .....
#..#..#.............
...!..#gg#g.....####.#+###
......ggg@g...........>
......#gggg.....####.....
.#### #.####....# ######.
#.........#########+
#.##......#.........
#.##.#..............
#.##....).....$...<.
#.#..##.##..........
#.##...##.#.######


You could see Robin, 4 hobgoblins and 6 goblins.

Vanquished Creatures
  An orc (D:3)
  2 bats (D:3)
  A goblin (D:3)
  A quokka (D:3)
  A frilled lizard (D:3)
  A rat (D:1)
7 creatures vanquished.

Notes
Turn   | Place    | Note
-------+----------+-------------------------------------------
     0 | D:1      | Demogavin the Demonspawn Gladiator began the quest for the Orb.
     0 | D:1      | Reached XP level 1. HP: 16/16 MP: 1/1
   126 | D:3      | Reached skill level 3 in Dodging
   196 | D:3      | Noticed Robin
   200 | D:3      | Gained mutation: You regenerate a little health from kills. [demonic ancestry]
   200 | D:3      | Reached XP level 2. HP: 15/22 MP: 2/2
   206 | D:3      | Slain by a hobgoblin

Vault maps used:
D:1:      dpeg_arrival_stonehenge_8_columns, minmay_tetromino_i4
D:2:      old_standard_altar, chequers_ecumenical_altar_simple_redux,
          minmay_splitting_lines, uniq_natasha
D:3:      nicolae_dithmenos_shadow_blocks, grunt_qazlal_clouds,
          nicolae_overflow_hidden_temple, minmay_checkerbox, uniq_robin,
          uniq_crazy_yiuf_cottage

Skill      XL: |  1 |
---------------+----+-----
Dodging        | 3 |  3.0
Fighting       | |  2.1
Throwing       | |  1.7
Unarmed Combat | |  2.9

Action                   || total
-------------------------++-------
Melee: Unarmed           ||    20
       Punch             ||     1
  Use: Potion            ||     3
       Scroll            ||     1
Armor: Leather armour    ||    34
Dodge: Dodged            ||    86
